[Event "ICC tourney 2333 (75 10)"]
[Site "Internet Chess Club"]
[Date "2021.01.23"]
[Round "1"]
[White "DenizG123"]
[Black "mikolka1985"]
[Result "1/2-1/2"]
[ICCResult "Game drawn by mutual agreement"]
[WhiteElo "2040"]
[BlackElo "2545"]
[Opening "Vienna game"]
[ECO "C28"]
[NIC "VG.02"]
[Time "13:03:31"]
[PlyCount "153"]
[TimeControl "4500+10"]

1. e4 e5 2. Nc3 Nf6 3. Bc4 Nc6 4. d3 Na5 5. Nge2 Nxc4 6. dxc4 Bc5 7. O-O
O-O 8. Qd3 d6 9. Bg5 h6 10. Bxf6 Qxf6 11. Nd5 Qd8 12. Ng3 a6 13. Nf5 Kh7
14. Qd2 b5 15. b4 Bb6 16. Nxb6 cxb6 17. Nxd6 bxc4 18. Nxc4 Qxd2 19. Nxd2
Be6 20. c4 Rfd8 21. Rfd1 Rd4 22. Kf1 Bxc4+ 23. Nxc4 Rxc4 24. Rd5 f6 25. a3
Rxe4 26. Rc1 Ra7 27. Rc3 a5 28. b5 h5 29. g3 Kg6 30. f3 Ra4 31. Ke2 Kf5 32.
Rd6 Rb7 33. Ke3 g5 34. h3 g4 35. h4 gxf3 36. Kxf3 e4+ 37. Kf2 Ke5 38. Rcc6
Rf7 39. Rxb6 Rxa3 40. Rbc6 Rf3+ 41. Kg2 Rb3 42. Re6+ Kf5 43. b6 a4 44. Re8
Rb2+ 45. Kh3 Rd7 46. Rc5+ Kg6 47. Rg8+ Kf7 48. Ra8 Rdd2 49. Rxh5 e3 50.
Rh7+ Kg6 51. Re7 f5 52. g4 Rh2+ 53. Kg3 Rhg2+ 54. Kf4 Rxg4+ 55. Kxe3 Rb3+
56. Kf2 Rf4+ 57. Ke2 Rxb6 58. Rea7 Re6+ 59. Kd3 Rd6+ 60. Ke2 Re4+ 61. Kf3
Rd3+ 62. Kf2 Rdd4 63. Rg8+ Kf6 64. Rf8+ Ke5 65. Ra5+ Ke6 66. Ra6+ Ke7 67.
Rxf5 Rxh4 68. Rb5 Rhf4+ 69. Ke3 Rfe4+ 70. Kf3 Rf4+ 71. Ke3 Rfe4+ 72. Kf3
Rb4 73. Rxb4 Rxb4 74. Ke3 Kd7 75. Kd3 Kc7 76. Kc3 Rh4 77. Rg6 { Game drawn
by mutual agreement } 1/2-1/2

[Event "ICC tourney 2333 (75 10)"]
[Site "Internet Chess Club"]
[Date "2021.01.23"]
[Round "2"]
[White "MCTS13"]
[Black "mopaska1106"]
[Result "1-0"]
[ICCResult "Black resigns"]
[WhiteElo "2195"]
[BlackElo "1946"]
[Opening "Sicilian: closed, 2...Nc6"]
[ECO "B23"]
[NIC "SI.44"]
[Time "16:32:33"]
[PlyCount "35"]
[TimeControl "4500+10"]

1. e4 c5 2. Nc3 Nc6 3. Bb5 g6 4. Bxc6 bxc6 5. d3 Bg7 6. f4 Nf6 7. Nf3 O-O
8. O-O d6 9. Qe1 Qc7 10. Bd2 Rb8 11. b3 Nh5 12. f5 d5 13. g4 Nf6 14. Qh4 e5
15. g5 Nh5 16. f6 Bh8 17. exd5 cxd5 18. Nxd5 { Black resigns } 1-0

[Event "ICC tourney 2333 (75 10)"]
[Site "Internet Chess Club"]
[Date "2021.01.23"]
[Round "2"]
[White "penguinwizard"]
[Black "Openyagami"]
[Result "0-1"]
[ICCResult "White resigns"]
[WhiteElo "2120"]
[BlackElo "2606"]
[Opening "King's Indian: 4.e4"]
[ECO "E70"]
[NIC "KI.32"]
[Time "16:32:34"]
[PlyCount "62"]
[TimeControl "4500+10"]

1. d4 Nf6 2. c4 g6 3. Nc3 Bg7 4. e4 O-O 5. Bd3 d6 6. Nge2 Nfd7 7. Be3 e5 8.
d5 f5 9. exf5 gxf5 10. f4 Nf6 11. h3 exf4 12. Bxf4 Na6 13. O-O Nc5 14. Bc2
Nce4 15. Be3 Qe7 16. Bd4 Bd7 17. Nf4 Rae8 18. Qf3 Nd2 19. Qf2 Nxf1 20. Rxf1
Ne4 21. Nxe4 fxe4 22. Qg3 Kh8 23. Bxg7+ Qxg7 24. Qxg7+ Kxg7 25. Nh5+ Kg6
26. Rxf8 Rxf8 27. g4 Kg5 28. Bxe4 Re8 29. Bxh7 Re2 30. Ng7 Re7 31. h4+ Kxg4
{ White resigns } 0-1

[Event "ICC tourney 2333 (75 10)"]
[Site "Internet Chess Club"]
[Date "2021.01.23"]
[Round "2"]
[White "Solidwrench2"]
[Black "WonderZ"]
[Result "0-1"]
[ICCResult "White resigns"]
[WhiteElo "1955"]
[BlackElo "2064"]
[Opening "Sicilian: O'Kelly variation"]
[ECO "B28"]
[NIC "SI.43"]
[Time "16:32:27"]
[PlyCount "38"]
[TimeControl "4500+10"]

1. e4 c5 2. Nf3 a6 3. c4 d6 4. d4 cxd4 5. Nxd4 Nf6 6. Nc3 e6 7. Be2 Be7 8.
O-O Qc7 9. Be3 b6 10. Qa4+ Nbd7 11. Rac1 Bb7 12. Nd5 exd5 13. cxd5 Qd8 14.
Nc6 Bxc6 15. dxc6 Nc5 16. Rxc5 bxc5 17. c7+ Qd7 18. Bb5 Qxb5 19. Qc2 O-O {
White resigns } 0-1

[Event "ICC tourney 2333 (75 10)"]
[Site "Internet Chess Club"]
[Date "2021.01.23"]
[Round "2"]
[White "TjkTiger"]
[Black "Drachekokosnuss"]
[Result "1-0"]
[ICCResult "Black resigns"]
[WhiteElo "2597"]
[BlackElo "2100"]
[Opening "King's Indian: fianchetto with ...Nd7"]
[ECO "E67"]
[NIC "EO.64"]
[Time "16:33:22"]
[PlyCount "43"]
[TimeControl "4500+10"]

1. c4 Nf6 2. Nc3 g6 3. g3 Bg7 4. Bg2 O-O 5. d4 d6 6. Nf3 Nbd7 7. O-O c6 8.
e4 Qc7 9. h3 e5 10. Be3 Ne8 11. Qd2 f5 12. exf5 gxf5 13. dxe5 dxe5 14. Rad1
Nef6 15. Nh4 Nb6 16. b3 Be6 17. Bh6 f4 18. Qd6 Qxd6 19. Rxd6 Rfe8 20. Bxg7
Kxg7 21. Re1 Nbd7 22. gxf4 { Black resigns } 1-0

[Event "ICC tourney 2333 (75 10)"]
[Site "Internet Chess Club"]
[Date "2021.01.23"]
[Round "2"]
[White "RisingRook"]
[Black "Chessking2008"]
[Result "0-1"]
[ICCResult "White resigns"]
[WhiteElo "1988"]
[BlackElo "2200"]
[Opening "Sicilian: Canal-Sokolsky attack, 3...Bd7"]
[ECO "B52"]
[NIC "SI.01"]
[Time "16:33:18"]
[PlyCount "62"]
[TimeControl "4500+10"]

1. e4 c5 2. Nf3 d6 3. Bb5+ Bd7 4. Bxd7+ Qxd7 5. O-O Nc6 6. c3 Nf6 7. Re1 e6
8. d4 cxd4 9. cxd4 d5 10. e5 Ne4 11. Nbd2 Nxd2 12. Bxd2 Be7 13. Rc1 O-O 14.
Rc3 Rac8 15. a3 Rfe8 16. Rd3 Bf8 17. h4 h6 18. h5 Qd8 19. Nh2 Qb6 20. Bxh6
gxh6 21. Rg3+ Kh7 22. Qg4 Ne7 23. Nf1 Qxb2 24. Ree3 Rc1 25. Ref3 f5 26.
exf6 Qb1 27. Kh2 Rxf1 28. Rh3 Rh1+ 29. Kg3 Nf5+ 30. Rxf5 Rxh3+ 31. Qxh3
Qxf5 { White resigns } 0-1

[Event "ICC tourney 2333 (75 10)"]
[Site "Internet Chess Club"]
[Date "2021.01.23"]
[Round "2"]
[White "slolla"]
[Black "BreatheChessAls"]
[Result "1/2-1/2"]
[ICCResult "Game drawn by mutual agreement"]
[WhiteElo "1900"]
[BlackElo "1915"]
[Opening "QGD Slav: Dutch variation"]
[ECO "D18"]
[NIC "SL.04"]
[Time "16:32:28"]
[PlyCount "135"]
[TimeControl "4500+10"]

1. d4 d5 2. c4 c6 3. Nf3 Nf6 4. Nc3 dxc4 5. a4 Bf5 6. e3 e6 7. Bxc4 Nbd7 8.
O-O Bd6 9. Qe2 Ne4 10. Nxe4 Bxe4 11. Nd2 Bg6 12. e4 O-O 13. f4 h6 14. Nf3
Bc7 15. Ne5 Nxe5 16. dxe5 Qd4+ 17. Be3 Qxe4 18. Rad1 Bh5 19. Qxh5 Qxe3+ 20.
Kh1 Rad8 21. Qe2 Qxe2 22. Bxe2 Bb6 23. g4 Rxd1 24. Rxd1 Rd8 25. Rxd8+ Bxd8
26. Kg2 Bb6 27. Kf3 Kf8 28. Ke4 Ke7 29. f5 f6 30. fxe6 Bc7 31. exf6+ Kxf6
32. h4 Kxe6 33. Bc4+ Kf6 34. h5 a6 35. Be2 b5 36. axb5 axb5 37. b3 Ke6 38.
Bd3 Kd6 39. Kf5 Bd8 40. Be2 Bf6 41. Bd3 Kc5 42. Ke4 Kb4 43. Bc2 c5 44. Kd3
Ka3 45. Kd2 Kb2 46. Bd3 Kxb3 47. Bxb5 c4 48. Kd1 Bg5 49. Be8 c3 50. Bg6 Kb2
51. Bf5 Bd2 52. Bg6 Ka3 53. Kc2 Kb4 54. Bf5 Kc5 55. Bc8 Kd4 56. Bf5 Bg5 57.
Bc8 Bf6 58. Bf5 Be5 59. Be6 Ke3 60. Bf5 Kf4 61. Bc8 Kg5 62. Bd7 g6 63. hxg6
Kxg6 64. Bc8 Kg5 65. Bd7 Bf6 66. Bc8 Kf4 67. Bd7 Ke3 68. Bc8 { Game drawn
by mutual agreement } 1/2-1/2

[Event "ICC tourney 2333 (75 10)"]
[Site "Internet Chess Club"]
[Date "2021.01.23"]
[Round "2"]
[White "pika0008"]
[Black "DenizG123"]
[Result "1-0"]
[ICCResult "Black resigns"]
[WhiteElo "1895"]
[BlackElo "2040"]
[Opening "Réti opening"]
[ECO "A30"]
[NIC "EO.34"]
[Time "16:32:34"]
[PlyCount "63"]
[TimeControl "4500+10"]

1. Nf3 c5 2. c4 Nc6 3. Nc3 g6 4. e3 Nf6 5. d4 cxd4 6. exd4 d5 7. cxd5 Nxd5
8. Bc4 Nxc3 9. bxc3 Bg7 10. O-O O-O 11. Re1 e5 12. Ba3 Re8 13. Qb3 Be6 14.
d5 Na5 15. dxe6 Nxb3 16. exf7+ Kh8 17. fxe8=Q+ Qxe8 18. Bxb3 Bf6 19. Re3
Qb5 20. Rae1 Re8 21. Bf7 Rc8 22. Nxe5 Kg7 23. Bb3 Re8 24. c4 Qa6 25. Bb2
Rd8 26. Bc3 Qb6 27. g4 h6 28. Rf3 Qa6 29. Ba1 Re8 30. Rd1 Qe6 31. c5 Qc8
32. Rd7+ { Black resigns } 1-0

[Event "ICC tourney 2333 (75 10)"]
[Site "Internet Chess Club"]
[Date "2021.01.23"]
[Round "2"]
[White "nithin"]
[Black "KRASAVCHIK"]
[Result "0-1"]
[ICCResult "White resigns"]
[WhiteElo "2232"]
[BlackElo "2648"]
[Opening "Catalan: closed, 5.Nf3"]
[ECO "E06"]
[NIC "CA.05"]
[Time "16:32:46"]
[PlyCount "136"]
[TimeControl "4500+10"]

1. Nf3 Nf6 2. c4 e6 3. g3 d5 4. d4 Be7 5. Bg2 O-O 6. O-O dxc4 7. Qc2 a6 8.
a4 Bd7 9. Qxc4 Bc6 10. Bf4 Bd6 11. Qc1 Nbd7 12. Nc3 Ne4 13. Rd1 Bxf4 14.
Qxf4 Nxc3 15. bxc3 a5 16. e4 Nb6 17. Ne5 Bxa4 18. Rd2 Bb3 19. d5 exd5 20.
exd5 Qd6 21. Qd4 Rfe8 22. f4 f6 23. Nd3 Nc4 24. Rf2 Ne3 25. Nc5 Nc2 26.
Rxc2 Bxc2 27. Nxb7 Qb6 28. Qxb6 cxb6 29. d6 Re2 30. Bd5+ Kf8 31. Nc5 Rd8
32. Nb7 Rb8 33. d7 Ke7 34. d8=Q+ Rxd8 35. Nxd8 Kxd8 36. Bc6 Kc7 37. Bb5 Rd2
38. Re1 Rd1 39. Kf2 Rxe1 40. Kxe1 Kd6 41. Kd2 Be4 42. Ke3 Bc6 43. Bc4 Kc5
44. Be2 b5 45. Kd2 Be4 46. Kc1 b4 47. cxb4+ Kxb4 48. Kb2 a4 49. Bg4 a3+ 50.
Ka1 Bd5 51. Bf5 h6 52. h4 Kc3 53. g4 Kd4 54. g5 Ke3 55. gxf6 gxf6 56. Bb1
Kxf4 57. h5 f5 58. Bc2 Kg5 59. Bd3 f4 60. Be2 f3 61. Bd3 Kxh5 62. Bc2 Kh4
63. Bd3 Kg3 64. Bc2 f2 65. Bb1 Kh2 66. Bd3 h5 67. Bb1 h4 68. Bd3 a2 { White
resigns } 0-1

[Event "ICC tourney 2333 (75 10)"]
[Site "Internet Chess Club"]
[Date "2021.01.23"]
[Round "2"]
[White "mr-sosa"]
[Black "DLWarrior"]
[Result "1-0"]
[ICCResult "Black resigns"]
[WhiteElo "2086"]
[BlackElo "1968"]
[Opening "QGD: exchange, positional line, 6.Qc2"]
[ECO "D36"]
[NIC "SL.06"]
[Time "16:32:30"]
[PlyCount "67"]
[TimeControl "4500+10"]

1. d4 d5 2. c4 e6 3. Nc3 c6 4. cxd5 exd5 5. Qc2 Nf6 6. Bg5 Be7 7. e3 Bg4 8.
Bd3 h6 9. Bh4 O-O 10. Nge2 Nbd7 11. f3 Be6 12. O-O Rc8 13. Rad1 c5 14. Bf5
Qb6 15. Bxe6 fxe6 16. Nf4 cxd4 17. exd4 e5 18. Ng6 Rfe8 19. Bf2 exd4 20.
Nxe7+ Rxe7 21. Bxd4 Qa6 22. Qf5 Rce8 23. Nxd5 Nxd5 24. Qxd5+ Kh8 25. Qh5
Ne5 26. f4 Nc4 27. f5 Ne3 28. Bxe3 Rxe3 29. f6 Qxa2 30. fxg7+ Kxg7 31. Rd7+
R8e7 32. Qg4+ Kh8 33. Rf8+ Kh7 34. Qf5+ { Black resigns } 1-0

[Event "ICC tourney 2333 (75 10)"]
[Site "Internet Chess Club"]
[Date "2021.01.23"]
[Round "2"]
[White "kunalsh"]
[Black "SuperWJ"]
[Result "1/2-1/2"]
[ICCResult "Game drawn by mutual agreement"]
[WhiteElo "2054"]
[BlackElo "1959"]
[Opening "Sicilian: Alapin's variation (2.c3)"]
[ECO "B22"]
[NIC "SI.46"]
[Time "16:32:42"]
[PlyCount "74"]
[TimeControl "4500+10"]

1. e4 c5 2. c3 g6 3. d4 cxd4 4. cxd4 d5 5. e5 Nc6 6. Nf3 Bg4 7. Be3 Nh6 8.
h3 Bxf3 9. Qxf3 Nf5 10. Bb5 Nxe3 11. fxe3 Bg7 12. O-O O-O 13. Nc3 e6 14.
Rad1 Qb6 15. Qe2 a6 16. Bd3 Nxd4 17. exd4 Qxd4+ 18. Kh1 Qxe5 19. Qf3 b5 20.
Rde1 Qc7 21. Rc1 Qa5 22. Bb1 Rac8 23. Nxd5 Rxc1 24. Ne7+ Kh8 25. Rxc1 Qd2
26. Rf1 Qxb2 27. h4 Qb4 28. Nc6 Qxh4+ 29. Qh3 Qc4 30. Qf3 Rc8 31. Na5 Qh4+
32. Qh3 Qxh3+ 33. gxh3 f5 34. Rd1 e5 35. Kg2 e4 36. Nb3 Be5 37. Rd5 Bf4 {
Game drawn by mutual agreement } 1/2-1/2

[Event "ICC tourney 2333 (75 10)"]
[Site "Internet Chess Club"]
[Date "2021.01.23"]
[Round "2"]
[White "SaltyCarrot777"]
[Black "largecrab"]
[Result "1/2-1/2"]
[ICCResult "Game drawn by mutual agreement"]
[WhiteElo "1941"]
[BlackElo "2166"]
[Opening "Sicilian: Alapin's variation (2.c3)"]
[ECO "B22"]
[NIC "SI.46"]
[Time "16:32:25"]
[PlyCount "87"]
[TimeControl "4500+10"]

1. e4 c5 2. c3 d5 3. exd5 Qxd5 4. d4 Nc6 5. Nf3 Bg4 6. Be2 e6 7. O-O Nf6 8.
Be3 O-O-O 9. Nbd2 h6 10. Qa4 cxd4 11. cxd4 Qa5 12. Qxa5 Nxa5 13. Rac1+ Kb8
14. h3 Bxf3 15. Nxf3 Bd6 16. Ne5 Bxe5 17. dxe5 Nd5 18. Bc5 Nf4 19. Bf3 Nd3
20. Bd6+ Rxd6 21. exd6 Nxc1 22. Rxc1 Rc8 23. Rd1 Nc4 24. Be2 Nb6 25. Rd3
Rd8 26. Rg3 g6 27. Rf3 f5 28. Rg3 Nd5 29. Bc4 Nf4 30. Rf3 g5 31. g3 Nxh3+
32. Kg2 Rxd6 33. Re3 g4 34. Rxe6 Rd2 35. Re2 Rxe2 36. Bxe2 Ng5 37. Bd3 Ne4
38. f3 Nd6 39. fxg4 fxg4 40. Be2 h5 41. Bd3 Ne8 42. Kf2 Kc7 43. Ke3 Kd6 44.
Bg6 { Game drawn by mutual agreement } 1/2-1/2

[Event "ICC tourney 2333 (75 10)"]
[Site "Internet Chess Club"]
[Date "2021.01.23"]
[Round "2"]
[White "mikolka1985"]
[Black "Mrpeetapizza"]
[Result "1-0"]
[ICCResult "Black resigns"]
[WhiteElo "2545"]
[BlackElo "1913"]
[Opening "King's Indian defense, 3.Nc3"]
[ECO "E61"]
[NIC "KI.80"]
[Time "16:32:27"]
[PlyCount "63"]
[TimeControl "4500+10"]

1. d4 Nf6 2. c4 g6 3. Nc3 Bg7 4. g3 d5 5. cxd5 Nxd5 6. Bg2 Nxc3 7. bxc3 O-O
8. Ba3 c6 9. Nf3 Na6 10. O-O Nc7 11. e3 Be6 12. Nd2 Nb5 13. Bb2 Nd6 14. Qe2
Qc7 15. a4 Rab8 16. Ba3 b5 17. axb5 cxb5 18. Bb4 Rfc8 19. Ra6 Rb6 20. Ba5
Rxa6 21. Bxc7 Rxc7 22. e4 Rxc3 23. e5 Nc4 24. Ne4 Rca3 25. Nc5 Rb6 26. Qe4
h5 27. Qa8+ Bf8 28. d5 Bf5 29. e6 Rd6 30. Qe8 fxe6 31. dxe6 Ne5 32. f4 {
Black resigns } 1-0

[Event "ICC tourney 2333 (75 10)"]
[Site "Internet Chess Club"]
[Date "2021.01.23"]
[Round "2"]
[White "Yucheng"]
[Black "ASharikov"]
[Result "0-1"]
[ICCResult "White resigns"]
[WhiteElo "1889"]
[BlackElo "2281"]
[Opening "Old Indian: Janowski variation"]
[ECO "A53"]
[NIC "OI.04"]
[Time "16:33:22"]
[PlyCount "90"]
[TimeControl "4500+10"]

1. d4 Nf6 2. c4 d6 3. Nc3 Bf5 4. Nf3 h6 5. h3 c6 6. Bf4 Nbd7 7. e3 Qa5 8.
a3 Ne4 9. b4 Nxc3 10. Qb3 Qa4 11. Qxc3 a5 12. Rc1 axb4 13. axb4 Nf6 14. Nd2
Ne4 15. Nxe4 Bxe4 16. f3 Bh7 17. Be2 Qa2 18. e4 g5 19. Be3 Bg7 20. Kf2 Ra3
21. Rc2 Qb3 22. Qxb3 Rxb3 23. b5 f5 24. exf5 Bxf5 25. Ra2 cxb5 26. cxb5 Kd7
27. Rc1 Rc8 28. Rxc8 Kxc8 29. Rd2 Bd7 30. Rc2+ Kd8 31. d5 Bxb5 32. Bb6+ Ke8
33. Bd1 Rb2 34. Rxb2 Bxb2 35. Bb3 Ba3 36. Be3 Bc5 37. g3 Bxe3+ 38. Kxe3 Bf1
39. h4 gxh4 40. gxh4 Kf7 41. Kf4 Kf6 42. Kg4 b5 43. Bc2 Bc4 44. Bb1 Bxd5
45. Kh5 Kg7 { White resigns } 0-1

[Event "ICC tourney 2333 (75 10)"]
[Site "Internet Chess Club"]
[Date "2021.01.23"]
[Round "2"]
[White "KittiesRock18"]
[Black "musk6868"]
[Result "1-0"]
[ICCResult "Black forfeits on time"]
[WhiteElo "1905"]
[BlackElo "2051"]
[Opening "Sicilian: Taimanov variation"]
[ECO "B48"]
[NIC "SI.40"]
[Time "16:32:37"]
[PlyCount "69"]
[TimeControl "4500+10"]

1. e4 c5 2. Nf3 e6 3. d4 cxd4 4. Nxd4 Nc6 5. Nc3 Qc7 6. Be3 a6 7. a4 Bb4 8.
Nxc6 Qxc6 9. Bd2 Bxc3 10. Bxc3 Qxe4+ 11. Qe2 Qxe2+ 12. Bxe2 f6 13. O-O-O
Kf7 14. Rd6 Ne7 15. Bh5+ g6 16. Bf3 Nf5 17. Rb6 h5 18. Rd1 d5 19. Bxd5 exd5
20. Rxf6+ Ke7 21. Re1+ Kd7 22. Rf7+ Kc6 23. Bxh8 Nd6 24. Rh7 Bf5 25. Ree7
Rc8 26. Bd4 Be4 27. f3 Bf5 28. b4 b6 29. Ra7 Nc4 30. Rxa6 Re8 31. b5+ Kd6
32. Kd1 g5 33. Rh6+ Kc7 34. Bxb6+ Kb7 35. Bd4 { Black forfeits on time }
1-0

[Event "ICC tourney 2333 (75 10)"]
[Site "Internet Chess Club"]
[Date "2021.01.23"]
[Round "2"]
[White "e4f5"]
[Black "GeorgeDai"]
[Result "1-0"]
[ICCResult "Black resigns"]
[WhiteElo "2260"]
[BlackElo "2086"]
[Opening "Caro-Kann: Steinitz variation"]
[ECO "B17"]
[NIC "CK.08"]
[Time "16:32:33"]
[PlyCount "95"]
[TimeControl "4500+10"]

1. e4 c6 2. d4 d5 3. Nd2 dxe4 4. Nxe4 Nd7 5. Nf3 Ngf6 6. Nxf6+ Nxf6 7. c3
Bg4 8. Be2 e6 9. h3 Bh5 10. g4 Bg6 11. Ne5 Nd7 12. Bf4 Nxe5 13. Bxe5 Be4
14. Rg1 f6 15. Bf4 Bd6 16. Qd2 Qc7 17. Bxd6 Qxd6 18. Qe3 Bg6 19. Bc4 e5 20.
f4 Bc2 21. Rg2 Ba4 22. dxe5 fxe5 23. Re2 O-O-O 24. Qxe5 Bb5 25. Bxb5 cxb5
26. Qxd6 Rxd6 27. a4 bxa4 28. Rxa4 Rhd8 29. Rxa7 Rd1+ 30. Kf2 Kb8 31. Ra4
Rh1 32. Rd4 Rxd4 33. cxd4 Rxh3 34. Re7 g6 35. Kg2 Rd3 36. Rxh7 Rxd4 37. Kf3
Rd6 38. Ke4 Kc8 39. Ke5 Rb6 40. f5 gxf5 41. gxf5 Kd8 42. b4 Ke8 43. Rc7
Rxb4 44. Kf6 Rf4 45. Rxb7 Rf1 46. Rb8+ Kd7 47. Rf8 Rg1 48. Kf7 { Black
resigns } 1-0

[Event "ICC tourney 2333 (75 10)"]
[Site "Internet Chess Club"]
[Date "2021.01.23"]
[Round "2"]
[White "tirantes"]
[Black "SuperPuzzler"]
[Result "1-0"]
[ICCResult "Black resigns"]
[WhiteElo "2423"]
[BlackElo "1993"]
[Opening "Sicilian"]
[ECO "B50"]
[NIC "SI.01"]
[Time "16:32:35"]
[PlyCount "101"]
[TimeControl "4500+10"]

1. e4 c5 2. Nf3 d6 3. c3 Nf6 4. h3 g6 5. Bd3 Bg7 6. Bc2 O-O 7. d4 Nc6 8. d5
Nb8 9. O-O e6 10. Re1 Re8 11. c4 exd5 12. cxd5 b5 13. a3 Nbd7 14. Nc3 a6
15. Bf4 Qb6 16. Qd2 Bb7 17. Rad1 Rac8 18. Bh6 Ne5 19. Nxe5 dxe5 20. Be3
Red8 21. Rb1 Qc7 22. Rec1 Ne8 23. f3 Nd6 24. Bd3 Bf8 25. Qf2 Rd7 26. b4 c4
27. Bc2 f6 28. a4 Rb8 29. f4 Bc8 30. Kh1 Rf7 31. Qg3 Ne8 32. f5 g5 33. h4
h6 34. Bd1 Ng7 35. Be2 Bd7 36. axb5 axb5 37. Rd1 Be8 38. d6 Bxd6 39. Nd5
Qc8 40. Ra1 Bc6 41. Nxf6+ Rxf6 42. hxg5 hxg5 43. Bxg5 Qf8 44. Ra6 Rc8 45.
Qh4 Be7 46. Ra3 Ne8 47. Rg3 Ng7 48. Rh3 Kf7 49. Bh5+ Kg8 50. Bg6 Rxg6 51.
fxg6 { Black resigns } 1-0

[Event "ICC tourney 2333 (75 10)"]
[Site "Internet Chess Club"]
[Date "2021.01.23"]
[Round "2"]
[White "fleshlumpeater"]
[Black "Assured"]
[Result "0-1"]
[ICCResult "White checkmated"]
[WhiteElo "1966"]
[BlackElo "2577"]
[Opening "King's Indian: Makagonov system (5.h3)"]
[ECO "E71"]
[NIC "KI.30"]
[Time "16:32:25"]
[PlyCount "106"]
[TimeControl "4500+10"]

1. d4 Nf6 2. c4 g6 3. Nc3 Bg7 4. e4 d6 5. h3 O-O 6. Bg5 c6 7. Nf3 a6 8. Be2
b5 9. a3 Nbd7 10. O-O h6 11. Be3 bxc4 12. Bxc4 d5 13. Bd3 dxe4 14. Nxe4 Nd5
15. Rc1 Qb6 16. Qa4 Bb7 17. Rc2 Nxe3 18. fxe3 Rad8 19. Nc5 Nxc5 20. dxc5
Qc7 21. Be2 a5 22. Nd4 Qe5 23. Rf3 Qe4 24. Rd2 e5 25. Qb3 exd4 26. Qxb7 Rb8
27. Qd7 dxe3 28. Rd1 Rxb2 29. Kf1 Rb1 30. g3 Rxd1+ 31. Bxd1 Qc4+ 32. Be2
Qxc5 33. a4 h5 34. h4 Qc1+ 35. Kg2 Qd2 36. Qxd2 exd2 37. Rd3 Bh6 38. Bd1
Rb8 39. Rb3 Rxb3 40. Bxb3 c5 41. Kf2 c4 42. Bd1 f5 43. Kf3 Kg7 44. Bc2 Kf6
45. Ke2 Ke5 46. Kd1 Kd4 47. Ke2 Kc3 48. Kd1 Bg7 49. g4 hxg4 50. h5 g3 51.
Bd3 cxd3 52. h6 g2 53. h7 g1=Q# { White checkmated } 0-1

[Event "ICC tourney 2333 (75 10)"]
[Site "Internet Chess Club"]
[Date "2021.01.23"]
[Round "2"]
[White "AJM04"]
[Black "JQX2019"]
[Result "1/2-1/2"]
[ICCResult "Game drawn by mutual agreement"]
[WhiteElo "2050"]
[BlackElo "1910"]
[Opening "Sicilian: closed, 6.Be3"]
[ECO "B26"]
[NIC "SI.45"]
[Time "16:32:32"]
[PlyCount "66"]
[TimeControl "4500+10"]

1. e4 c5 2. Nc3 d6 3. g3 g6 4. Bg2 Nc6 5. d3 Bg7 6. Be3 e6 7. Qd2 Nd4 8.
Nd1 Rb8 9. c3 Nc6 10. f4 Nge7 11. Nf3 b5 12. O-O O-O 13. Bf2 b4 14. Ne3 Qc7
15. h3 Rd8 16. g4 bxc3 17. bxc3 Qa5 18. Rac1 d5 19. e5 Rd7 20. Rb1 Rdb7 21.
Rxb7 Rxb7 22. Rc1 Bd7 23. c4 Qxd2 24. Nxd2 Nd4 25. Kf1 Rb2 26. Ke1 Rxa2 27.
cxd5 Rxd2 28. Kxd2 Nb3+ 29. Kc2 Nxc1 30. Kxc1 exd5 31. Nxd5 Nxd5 32. Bxd5
Bf8 33. Kc2 h5 { Game drawn by mutual agreement } 1/2-1/2

[Event "ICC tourney 2333 (75 10)"]
[Site "Internet Chess Club"]
[Date "2021.01.23"]
[Round "2"]
[White "ryanwang"]
[Black "investigator"]
[Result "0-1"]
[ICCResult "White resigns"]
[WhiteElo "1911"]
[BlackElo "2090"]
[Opening "Pirc: Austrian attack"]
[ECO "B09"]
[NIC "PU.05"]
[Time "16:32:53"]
[PlyCount "74"]
[TimeControl "4500+10"]

1. e4 d6 2. d4 Nf6 3. Nc3 g6 4. f4 Bg7 5. a3 O-O 6. Nf3 c5 7. dxc5 Qa5 8.
b4 Qd8 9. Rb1 Nfd7 10. Na4 Qc7 11. Qd5 dxc5 12. Nxc5 Rd8 13. Qc4 Nxc5 14.
Qxc5 Bc3+ 15. Kf2 Qxc5+ 16. bxc5 Bg4 17. Be3 Nc6 18. Bc4 Bxf3 19. gxf3 Nd4
20. Rxb7 Nxc2 21. Rxe7 Bd2 22. Bxd2 Rxd2+ 23. Kg3 Ne3 24. Bd5 Rxd5 25. exd5
Nf5+ 26. Kg4 Nxe7 27. Rd1 Rd8 28. d6 Nc6 29. d7 Nb8 30. Rd6 Kf8 31. c6 Na6
32. Rd4 Nc7 33. Kg5 Ke7 34. Kh6 Ne6 35. Rd2 Rb8 36. Rc2 Rb5 37. Kxh7 Kf8 {
White resigns } 0-1

[Event "ICC tourney 2333 (75 10)"]
[Site "Internet Chess Club"]
[Date "2021.01.23"]
[Round "2"]
[White "Volkov"]
[Black "jy2020"]
[Result "1-0"]
[ICCResult "Black resigns"]
[WhiteElo "2607"]
[BlackElo "2213"]
[Opening "Nimzo-Indian: Kmoch variation"]
[ECO "E20"]
[NIC "NI.30"]
[Time "16:32:26"]
[PlyCount "83"]
[TimeControl "4500+10"]

1. d4 Nf6 2. c4 e6 3. Nc3 Bb4 4. f3 d5 5. a3 Be7 6. e4 dxe4 7. fxe4 c5 8.
d5 exd5 9. exd5 O-O 10. Be2 Re8 11. Nf3 a6 12. O-O Bd6 13. Bg5 Nbd7 14. Bd3
h6 15. Bh4 Qc7 16. Re1 Rf8 17. h3 b6 18. Qc2 Bb7 19. a4 Rae8 20. Bf5 Bc8
21. Rad1 Kh8 22. Bxd7 Nxd7 23. Ne4 Ne5 24. Nxe5 Bxe5 25. d6 Qd7 26. Be7
Rxe7 27. dxe7 Qxe7 28. Kh1 Bf5 29. Qf2 Bg6 30. Nc3 Qg5 31. Rd5 Re8 32. h4
Qf6 33. Qxf6 gxf6 34. a5 bxa5 35. Rxc5 Rb8 36. Re2 Rb4 37. Rd2 Bf5 38. Nd5
Ra4 39. Rd1 Ra2 40. Nxf6 Bc2 41. Rd8+ Kg7 42. Nh5+ { Black resigns } 1-0

[Event "ICC tourney 2333 (75 10)"]
[Site "Internet Chess Club"]
[Date "2021.01.23"]
[Round "2"]
[White "mhebden"]
[Black "blueeagle405"]
[Result "1-0"]
[ICCResult "Black resigns"]
[WhiteElo "2503"]
[BlackElo "1998"]
[Opening "Neo-Grünfeld, 6.O-O c6"]
[ECO "D78"]
[NIC "QP.06"]
[Time "16:32:26"]
[PlyCount "143"]
[TimeControl "4500+10"]

1. d4 Nf6 2. Nf3 g6 3. g3 c6 4. Bg2 Bg7 5. O-O O-O 6. c4 d5 7. b3 Nbd7 8.
cxd5 cxd5 9. Nc3 Nb6 10. a4 Ne4 11. Bb2 a5 12. Rc1 Bd7 13. Ne5 Nxc3 14.
Rxc3 Be6 15. e3 Nd7 16. Nd3 Nf6 17. Nf4 Bf5 18. Qe2 Qd6 19. Qb5 Bd7 20. Qc5
Qxc5 21. Rxc5 e6 22. Nd3 Rfc8 23. Rfc1 Bf8 24. Rxc8 Rxc8 25. Nc5 b6 26.
Nxd7 Rxc1+ 27. Bxc1 Nxd7 28. Kf1 Bb4 29. Ke2 Kf8 30. Kd3 Ke7 31. e4 Kd6 32.
exd5 exd5 33. g4 f6 34. Bf1 g5 35. f4 h6 36. h4 gxh4 37. f5 Nf8 38. Bxh6
Nh7 39. Ke3 Ng5 40. Bg7 Ke7 41. Bg2 Ne4 42. Bxe4 dxe4 43. Kxe4 Bd2 44. d5
Kf7 45. d6 Bg5 46. Kf3 Ke8 47. Kg2 Kf7 48. d7 Ke7 49. Kh3 Kxd7 50. Bf8 Kc6
51. Be7 Kd5 52. Bd8 Kc6 53. Kg2 Kc5 54. Bc7 Kb4 55. Bxb6 Kxb3 56. Bxa5 Kxa4
57. Be1 Kb5 58. Kh3 Kc6 59. Bxh4 Kd5 60. Bxg5 fxg5 61. Kg3 Ke5 62. Kf2 Kd6
63. Ke2 Kc6 64. Kd2 Kd6 65. Kc3 Kc5 66. Kb3 Kd5 67. Kb4 Ke5 68. Kc5 Kf4 69.
f6 Kxg4 70. f7 Kh3 71. f8=Q g4 72. Qf5 { Black resigns } 1-0